[Event "Titled Tuesday Blitz June 28 Early 2022"]
[White "Yaksin, Oleg"]
[Black "Kuzmin, Roman"]
[WhiteFideId "24105880"]
[BlackFideId "44134932"]
[WhiteElo "2256"]
[BlackElo "1968"]
[Result "1-0"]
[Round "07"]
[TimeControl "180+1"]
[Date "2022.06.28"]
[WhiteClock "0:00:08"]
[BlackClock "0:00:01"]

1. d4 d5 2. c4 e6 3. Nf3 Nf6 4. g3 Be7 5. Bg2 O-O 6. O-O c6 7. Qc2 b6 8. Bf4 Bb7 9. Rd1 Ne4 10. Nc3 f5 11. Ne5 Nd7 12. f3 Nxc3 13. Qxc3 Nxe5 14. Bxe5 Rc8 15. e4 fxe4 16. fxe4 Qe8 17. Rf1 Qg6 18. Rxf8+ Bxf8 19. Re1 c5 20. exd5 cxd4 21. Qb3 Bc5 22. Kh1 Re8 23. Bf4 e5 24. Qb5 a6 25. Qd7 Bc8 26. Qc6 Qxc6 27. dxc6 Bd6 28. Bd5+ Kh8 29. b4 h6 30. c5 bxc5 31. bxc5 Bc7 32. Kg2 g5 33. Bd2 Bf5 34. Be4 Bxe4+ 35. Rxe4 Re6 36. h4 gxh4 37. Rxh4 Kh7 38. Kf3 Rxc6 39. Bb4 Kg6 40. Ke4 Rf6 41. Rg4+ Kf7 42. Kd5 Rg6 43. Rh4 1-0


[Site "https://www.chess.com"]

[Event "Titled Tuesday Blitz June 28 Early 2022"]
[White "Yang, Kaiqi"]
[Black "Maiorov, Nikita"]
[WhiteFideId "8604398"]
[BlackFideId "13501720"]
[WhiteElo "2373"]
[BlackElo "2417"]
[Result "1/2-1/2"]
[Round "07"]
[TimeControl "180+1"]
[Date "2022.06.28"]
[WhiteClock "0:00:03"]
[BlackClock "0:00:32"]

1. d4 f5 2. Bg5 Nf6 3. Bxf6 exf6 4. e3 d5 5. c4 dxc4 6. Bxc4 Bd6 7. Ne2 c6 8. Nbc3 Qe7 9. O-O Nd7 10. Nf4 g6 11. Bb3 Nb6 12. Re1 Kf8 13. d5 Kg7 14. dxc6 bxc6 15. Nce2 c5 16. Nc3 Rd8 17. Ncd5 Nxd5 18. Nxd5 Qb7 19. Qc2 Bf8 20. Rad1 Be6 21. Nf4 Bxb3 22. axb3 Qf7 23. h4 Bd6 24. Ne2 Rab8 25. Rd3 Be5 26. Red1 Rxd3 27. Rxd3 c4 28. bxc4 Rxb2 29. Qd1 Qxc4 30. f4 Bc7 31. Kh2 Bb6 32. Rd7+ Kh6 33. Ng3 Qc2 34. Qxc2 Rxc2 35. e4 Be3 36. exf5 Bxf4 37. fxg6 hxg6 38. Rd3 a5 39. Kh3 a4 40. Ne4 Be5 41. g3 Rc4 42. Nf2 Rc3 43. Ng4+ Kg7 44. Nxe5 Rxd3 45. Nxd3 a3 46. Nb4 f5 47. Kg2 Kf6 48. Kf3 Ke5 49. Na2 Kd4 50. Kf4 Kd5 51. Kg5 Kc4 52. Kxg6 Kb3 53. Nc1+ Kb2 54. Nd3+ Kc3 55. Nc1 Kb2 56. Nd3+ Kc3 57. Nc1 Kb2 1/2-1/2


[Site "https://www.chess.com"]

[Event "Titled Tuesday Blitz June 28 Early 2022"]
[White "Yoo, Christopher Woojin"]
[Black "Hambleton, Aman"]
[WhiteFideId "30909694"]
[BlackFideId "2606577"]
[WhiteElo "2105"]
[BlackElo "2552"]
[Result "1-0"]
[Round "07"]
[TimeControl "180+1"]
[Date "2022.06.28"]
[WhiteClock "0:00:52"]
[BlackClock "0:00:01"]

1. e4 c5 2. Nf3 e6 3. b3 d6 4. Bb2 Nf6 5. e5 dxe5 6. Nxe5 Nbd7 7. Qf3 Nxe5 8. Bxe5 Qd5 9. Qg3 Ne4 10. Bb5+ Bd7 11. Bxd7+ Kxd7 12. Qf4 f6 13. Bb2 Bd6 14. Qe3 Rhe8 15. c4 Qf5 16. d3 Ng5 17. Nc3 Nf7 18. Ne4 b6 19. O-O Be5 20. Bxe5 Nxe5 21. d4 cxd4 22. Qxd4+ Ke7 23. Nd6 Qg5 24. f4 1-0


[Site "https://www.chess.com"]

[Event "Titled Tuesday Blitz June 28 Early 2022"]
[White "Yuan, Qingyu"]
[Black "Dardha, Daniel"]
[WhiteFideId "8609772"]
[BlackFideId "240990"]
[WhiteElo "2359"]
[BlackElo "2482"]
[Result "1-0"]
[Round "07"]
[TimeControl "180+1"]
[Date "2022.06.28"]
[WhiteClock "0:00:06"]
[BlackClock "0:00:03"]

1. e4 c5 2. Nf3 Nc6 3. Bc4 e6 4. O-O Nf6 5. Re1 d6 6. Bb5 Bd7 7. c3 a6 8. Bf1 Be7 9. d4 d5 10. e5 Ne4 11. Nbd2 Nxd2 12. Bxd2 O-O 13. Rc1 b5 14. Bd3 Qb6 15. dxc5 Bxc5 16. Bxh7+ Kh8 17. Be3 g6 18. Ng5 Kg7 19. b4 Bxe3 20. Rxe3 f6 21. exf6+ Rxf6 22. Rc2 Raf8 23. Qd3 Ne7 24. h4 Nf5 25. Rh3 Ne7 26. h5 Rxf2 27. Rxf2 Qxf2+ 28. Kh1 Qe1+ 29. Kh2 Qe5+ 30. Qg3 Qxg3+ 31. Rxg3 Nf5 32. Rh3 gxh5 33. Rxh5 Nh6 34. Bd3 e5 35. Nh3 Ng4+ 36. Kg3 e4 37. Be2 Nf6 38. Re5 Bxh3 39. gxh3 Rc8 40. Re7+ Kg6 41. h4 Rxc3+ 42. Kf4 Rh3 43. Re6 Kf7 44. Rxa6 Ne8 45. Kg5 Ke7 46. Ra7+ Kd6 47. Bg4 Rc3 48. h5 Nc7 49. h6 e3 50. h7 Ne6+ 51. Bxe6 e2 52. h8=Q e1=Q 53. Qd8+ Ke5 54. Rd7 Rg3+ 55. Bg4 Qe3+ 56. Kh5 Rh3+ 57. Bxh3 Qxh3+ 58. Kg6 Qf5+ 59. Kg7 Qg5+ 60. Qxg5+ 1-0


[Site "https://www.chess.com"]

[Event "Titled Tuesday Blitz June 28 Early 2022"]
[White "Zhigalko, Sergei"]
[Black "Sirosh, Ilja"]
[WhiteFideId "13502956"]
[BlackFideId "4500458"]
[WhiteElo "2662"]
[BlackElo "2241"]
[Result "1-0"]
[Round "07"]
[TimeControl "180+1"]
[Date "2022.06.28"]
[WhiteClock "0:01:18"]
[BlackClock "0:01:15"]

1. e4 c5 2. Nf3 d6 3. d4 cxd4 4. Qxd4 Nc6 5. Bb5 Bd7 6. Bxc6 Bxc6 7. Nc3 Nf6 8. Bg5 e6 9. O-O-O Be7 10. Rhe1 O-O 11. Kb1 h5 12. h3 Qb6 13. Qd2 Rac8 14. g4 hxg4 15. hxg4 Rfe8 16. Nd4 Bd7 17. Rh1 Rxc3 18. Qxc3 Rc8 19. Qh3 Kf8 20. Qh8+ Ng8 21. Rh7 1-0


[Site "https://www.chess.com"]

[Event "Titled Tuesday Blitz June 28 Early 2022"]
[White "Zubritskiy, Artyom"]
[Black "Nozdrachev, Leonid"]
[WhiteFideId "4181247"]
[BlackFideId "24113433"]
[WhiteElo "2478"]
[BlackElo "2129"]
[Result "1-0"]
[Round "07"]
[TimeControl "180+1"]
[Date "2022.06.28"]
[WhiteClock "0:00:15"]
[BlackClock "0:00:02"]

1. d4 d6 2. Nf3 g6 3. g3 Bg7 4. Bg2 Nf6 5. O-O O-O 6. c4 Nc6 7. d5 Na5 8. Nfd2 c6 9. b4 Ne8 10. bxa5 Bxa1 11. Nb3 Bg7 12. dxc6 bxc6 13. Bxc6 Bh3 14. Re1 Rc8 15. Bf3 Rxc4 16. Be3 Bg4 17. Na3 Ra4 18. Bxg4 Rxg4 19. Bxa7 Bc3 20. Bb6 Qa8 21. Rf1 h5 22. Nb5 Be5 23. e3 Ra4 24. Qc2 Nf6 25. N3d4 Bxd4 26. Nxd4 Qe8 27. Qb3 d5 28. Rc1 e6 29. Bc5 Rxa5 30. Bxf8 Qxf8 31. Rc7 Ne4 32. Qb7 Nd6 33. Qc6 Rxa2 34. Nb5 Ne8 35. Rc8 Ra1+ 36. Kg2 Rb1 37. Rxe8 Kg7 38. Rxf8 Kxf8 39. Nd6 1-0


[Site "https://www.chess.com"]

[Event "Titled Tuesday Blitz June 28 Early 2022"]
[White "Adla, Diego"]
[Black "Estrada Nieto, Julian"]
[WhiteFideId "100072"]
[BlackFideId "5101018"]
[WhiteElo "2377"]
[BlackElo "2252"]
[Result "1-0"]
[Round "08"]
[TimeControl "180+1"]
[Date "2022.06.28"]
[WhiteClock "0:00:10"]
[BlackClock "0:00:09"]

1. c4 e5 2. Nc3 Nf6 3. Nf3 Nc6 4. e4 Bb4 5. d3 d6 6. Be2 Bg4 7. O-O Bxf3 8. Bxf3 Nd4 9. Be2 O-O 10. Be3 Bc5 11. Qd2 c6 12. Bd1 a6 13. Ne2 Nxe2+ 14. Bxe2 Qb6 15. Bxc5 Qxc5 16. Kh1 a5 17. f4 exf4 18. Rxf4 Qd4 19. Raf1 Nd7 20. Qc3 c5 21. Qxd4 cxd4 22. Kg1 Ne5 23. Kf2 a4 24. Ke1 Ra6 25. Kd2 Rb6 26. Rb1 Ra8 27. Rff1 f6 28. Rfc1 Ra5 29. Bd1 Kf8 30. Rc2 Ke7 31. b4 axb3 32. axb3 Nc6 33. Rcb2 Nb4 34. Be2 Rba6 35. Kc1 Ra1 36. Kd2 Rxb1 37. Rxb1 Ra2+ 38. Ke1 Nc2+ 39. Kf2 Ne3 40. b4 Nxg2 41. Kf3 Ne3 42. c5 Ke6 43. cxd6 Kxd6 44. Rc1 Rb2 45. Rc8 Rxb4 46. Rg8 g6 47. Rg7 g5 48. Rxh7 g4+ 49. Kf4 Rb2 50. Bxg4 Rf2+ 51. Bf3 b5 52. h4 b4 53. Rb7 Rh2 54. h5 Kc5 55. e5 fxe5+ 56. Kxe5 Rf2 57. Be4 Nc2 58. Rc7+ Kb6 59. Rb7+ Ka5 60. h6 Rh2 61. h7 Ka4 62. Rb8 b3 63. h8=Q Rxh8 64. Rxh8 b2 65. Rb8 Nb4 66. Ra8+ Kb3 67. Bd5+ Nxd5 68. Kxd5 b1=Q 69. Rb8+ Kc2 70. Rxb1 Kxb1 71. Kxd4 Kc2 72. Ke4 Kc3 73. d4 Kc4 74. Ke5 Kb5 75. Kd6 Kb6 76. d5 Kb7 77. Ke7 Kc8 78. d6 Kb7 79. d7 Kc6 80. d8=Q Kc5 81. Qd3 1-0


[Site "https://www.chess.com"]

[Event "Titled Tuesday Blitz June 28 Early 2022"]
[White "Aggelis, Nikolaos"]
[Black "Dudzinski, Pawel"]
[WhiteFideId "4213220"]
[BlackFideId "1117890"]
[WhiteElo "2154"]
[BlackElo "2011"]
[Result "1-0"]
[Round "08"]
[TimeControl "180+1"]
[Date "2022.06.28"]
[WhiteClock "0:00:35"]
[BlackClock "0:00:16"]

1. d4 f5 2. Nc3 d5 3. Bg5 Nf6 4. Bxf6 exf6 5. e3 Be6 6. Qf3 Qd7 7. Bd3 g6 8. O-O-O Nc6 9. Nge2 O-O-O 10. Nf4 Bf7 11. h3 h5 12. g4 hxg4 13. hxg4 fxg4 14. Qg2 Rxh1 15. Rxh1 f5 16. Rh7 Nb4 17. Bb5 c6 18. Nxg6 Qe8 19. Nxf8 cxb5 20. Nxb5 Qxf8 21. Qh2 Na6 22. Nxa7+ Kd7 23. Qe5 Qe7 24. Qxf5+ Kc7 25. Rxf7 1-0


[Site "https://www.chess.com"]

[Event "Titled Tuesday Blitz June 28 Early 2022"]
[White "Ajay Krishna, S"]
[Black "Nguyen, Quoc Hy"]
[WhiteFideId "5096430"]
[BlackFideId "12410853"]
[WhiteElo "2247"]
[BlackElo "1938"]
[Result "1-0"]
[Round "08"]
[TimeControl "180+1"]
[Date "2022.06.28"]
[WhiteClock "0:00:20"]
[BlackClock "0:00:02"]

1. d4 d5 2. c4 c6 3. Nf3 e6 4. e3 f5 5. Nc3 Nf6 6. Be2 Bd6 7. O-O O-O 8. b3 Bd7 9. Na4 Be8 10. Nb2 Ne4 11. Nd3 Nc3 12. Qc2 Nxe2+ 13. Qxe2 Bh5 14. Nf4 Bxf4 15. exf4 Rf6 16. Ba3 Nd7 17. Qe3 Rg6 18. Ng5 Qf6 19. cxd5 cxd5 20. Rfe1 h6 21. Qxe6+ Qxe6 22. Nxe6 Bf3 23. g3 Re8 24. Nc7 Rxe1+ 25. Rxe1 Rc6 26. Rc1 Rb6 27. Rc3 Be4 28. f3 Bb1 29. Nxd5 Ra6 30. b4 Bxa2 31. Ne7+ Kh7 32. Nxf5 Nf6 33. Ne3 Nd5 34. Nxd5 Bxd5 35. Kf2 Rc6 36. Rc5 Rxc5 37. dxc5 Bc6 38. Bb2 Kg6 39. g4 Kf7 40. Kg3 Bd5 41. h4 g6 42. h5 gxh5 43. gxh5 a6 44. f5 Bc6 45. Kf4 Bd7 46. Bc3 Bc6 47. Be1 Bd5 48. Bh4 Bc6 49. Bf2 Bd5 50. Be3 Bc6 51. Kg4 Kg7 52. f6+ Kxf6 53. Bxh6 Bd7+ 54. Kf4 Be8 55. Bg5+ Ke6 56. Kg4 Bf7 57. Bd2 Kf6 58. Bc3+ Ke7 59. Kg5 Kf8 60. h6 Kg8 61. Kf6 Bd5 62. f4 Be4 63. f5 Bd3 64. Ke6 Bc4+ 65. Ke7 1-0


[Site "https://www.chess.com"]

[Event "Titled Tuesday Blitz June 28 Early 2022"]
[White "Aldokhin, Ivan"]
[Black "Korchmar, Vasiliy"]
[WhiteFideId "24115720"]
[BlackFideId "24131750"]
[WhiteElo "2231"]
[BlackElo "2370"]
[Result "0-1"]
[Round "08"]
[TimeControl "180+1"]
[Date "2022.06.28"]
[WhiteClock "0:00:02"]
[BlackClock "0:00:12"]

1. e4 c5 2. Nf3 d6 3. d4 cxd4 4. Nxd4 Nf6 5. Nc3 Nc6 6. Bc4 Qb6 7. Nb3 Qc7 8. Qe2 e6 9. f4 a6 10. O-O b5 11. Bd3 Be7 12. Bd2 O-O 13. a4 b4 14. Na2 Bb7 15. Kh1 d5 16. exd5 Nxd5 17. Rae1 Bf6 18. f5 exf5 19. Rxf5 Nce7 20. Rxf6 Nxf6 21. Qxe7 Qc6 22. Qe2 Rae8 23. Qf1 Rxe1 24. Bxe1 Re8 25. Bxb4 Ng4 26. Bd2 Re6 27. h3 Rf6 28. hxg4 Rxf1+ 29. Bxf1 Qxc2 30. Nac1 Bd5 31. Bc3 Bxb3 32. Nxb3 Qxb3 33. a5 Qe6 34. Kg1 g5 35. Kf2 h6 36. Bd3 Qxg4 37. Bxa6 Qf4+ 38. Kg1 Qc1+ 39. Kh2 Qf4+ 40. Kg1 Qe3+ 41. Kh2 g4 0-1


[Site "https://www.chess.com"]

[Event "Titled Tuesday Blitz June 28 Early 2022"]
[White "Antonio, Jorge Carlos"]
[Black "Sadubayev, Airat"]
[WhiteFideId "113190"]
[BlackFideId "13713264"]
[WhiteElo "2247"]
[BlackElo "2230"]
[Result "1-0"]
[Round "08"]
[TimeControl "180+1"]
[Date "2022.06.28"]
[WhiteClock "0:01:23"]
[BlackClock "0:00:02"]

1. e4 c6 2. d4 d5 3. exd5 cxd5 4. Nf3 Nc6 5. Bd3 Nf6 6. c3 Bg4 7. h3 Bh5 8. Bf4 e6 9. Nbd2 Bd6 10. Bxd6 Qxd6 11. O-O O-O 12. Qb3 b6 13. Rfe1 Bg6 14. Bxg6 hxg6 15. Ne5 Nd7 16. Nxd7 Qxd7 17. Qb5 Qc7 18. Nf3 a6 19. Qe2 b5 20. a3 Na5 21. h4 Nc4 22. h5 gxh5 23. g3 Qe7 24. Kg2 Nd6 25. Qe5 Nf5 26. Qxf5 exf5 27. Rxe7 g6 28. Rae1 Kg7 29. Rd7 Rad8 30. Ree7 Kf6 31. Ne5 1-0


[Site "https://www.chess.com"]

[Event "Titled Tuesday Blitz June 28 Early 2022"]
[White "Ardila, Oscar Humberto"]
[Black "Richter, Nils"]
[WhiteFideId "4404742"]
[BlackFideId "12990809"]
[WhiteElo "1956"]
[BlackElo "2311"]
[Result "1-0"]
[Round "08"]
[TimeControl "180+1"]
[Date "2022.06.28"]
[WhiteClock "0:00:52"]
[BlackClock "0:00:19"]

1. d4 Nf6 2. c4 c5 3. d5 b5 4. Nc3 b4 5. Nb1 d6 6. Qc2 g6 7. e4 Bg7 8. h3 O-O 9. Nf3 a5 10. Bd3 e6 11. O-O exd5 12. cxd5 Re8 13. Re1 Nbd7 14. Bf4 Nb6 15. Nbd2 Ba6 16. Bxa6 Rxa6 17. Qd3 Ra7 18. Nc4 Nxc4 19. Qxc4 Rae7 20. Nd2 Nh5 21. Bg5 Bxb2 22. Bxe7 Qxe7 23. Rad1 Nf4 24. Qf1 Bc3 25. g3 Qg5 26. Kh2 Bxd2 27. Rxd2 Ne6 28. f4 Nxf4 29. Qxf4 Qxf4 30. gxf4 c4 31. Kg3 c3 32. Rc2 Rc8 33. Kf3 a4 34. Rb1 Rc4 35. Ke3 f5 36. e5 dxe5 37. fxe5 Kf7 38. Kd3 Rh4 39. Re2 Rxh3+ 40. Kc4 Rh4+ 41. Kc5 f4 42. e6+ Ke8 43. d6 f3 44. Rf2 Re4 45. Kd5 Re2 46. Rxf3 c2 47. Rc1 Rd2+ 48. Kc6 g5 49. Rcf1 c1=Q+ 50. Rxc1 g4 51. Re3 h5 52. Rf1 Rc2+ 53. Kb5 h4 54. d7+ Ke7 55. Rf7+ Kd6 56. d8=Q# 1-0


[Site "https://www.chess.com"]

[Event "Titled Tuesday Blitz June 28 Early 2022"]
[White "Arias, Juan Cruz"]
[Black "Odegov, Artem"]
[WhiteFideId "118540"]
[BlackFideId "34183644"]
[WhiteElo "2091"]
[BlackElo "2286"]
[Result "1-0"]
[Round "08"]
[TimeControl "180+1"]
[Date "2022.06.28"]
[WhiteClock "0:00:29"]
[BlackClock "0:00:01"]

1. d4 Nf6 2. Nf3 e6 3. e3 c5 4. Bd3 d5 5. c3 Nc6 6. Nbd2 Bd6 7. O-O O-O 8. Qe2 e5 9. dxc5 Bxc5 10. e4 Bg4 11. exd5 Nxd5 12. Ne4 Bb6 13. Rd1 Qc7 14. h3 Bh5 15. Ng3 Nf4 16. Bxf4 Bxf3 17. Qxf3 exf4 18. Nf5 g6 19. Nh6+ Kg7 20. Ng4 h5 21. Nh2 Rfe8 22. Bb5 Re5 23. Bf1 Rae8 24. Rd5 Qe7 25. Rad1 Rxd5 26. Rxd5 Qe4 27. Rd1 Qxf3 28. Nxf3 Ne5 29. Nd4 Bxd4 30. Rxd4 g5 31. h4 f6 32. Bb5 Re7 33. Kf1 Ng6 34. hxg5 fxg5 35. Bd3 Ne5 36. Be2 Kf6 37. Bxh5 g4 38. f3 g3 39. Bg4 Rh7 40. Rxf4+ Kg6 41. Bf5+ Kg5 42. Bxh7 Kxf4 43. b3 Ke3 44. c4 b6 45. Be4 Nd7 46. Bd5 Nc5 47. b4 Nd3 48. a3 a5 49. bxa5 bxa5 50. Be4 Nf4 51. c5 Ne6 52. c6 Kd4 53. Ke2 Kc5 54. Ke3 Kd6 55. f4 Nc7 56. Kf3 Nb5 57. a4 Nc3 58. Bc2 Kxc6 59. Kxg3 Ne2+ 60. Kf2 Nxf4 61. Bd1 Ng6 62. Ke3 Kd6 63. Kd4 Ne5 64. Be2 Nc6+ 65. Ke4 Ne7 66. g4 Kc5 67. g5 Kd6 68. Bb5 Nd5 69. Kf5 Ke7 70. Ke5 Ne3 71. g6 Ng4+ 72. Kd5 Kf6 73. Bd3 Ne3+ 74. Kc5 Nd1 75. Kb5 Nb2 76. Bc2 1-0


[Site "https://www.chess.com"]

[Event "Titled Tuesday Blitz June 28 Early 2022"]
[White "Averjanov, Alexey"]
[Black "Tan, Jun Ying"]
[WhiteFideId "14109867"]
[BlackFideId "5710413"]
[WhiteElo "2704"]
[BlackElo "1827"]
[Result "0-1"]
[Round "08"]
[TimeControl "180+1"]
[Date "2022.06.28"]
[WhiteClock "0:00:05"]
[BlackClock "0:00:19"]

1. d4 Nf6 2. c4 c5 3. d5 e6 4. Nc3 exd5 5. cxd5 d6 6. Nf3 g6 7. Nd2 Bg7 8. g3 O-O 9. Bg2 Re8 10. O-O Nbd7 11. h3 a6 12. a4 Rb8 13. Nc4 Ne5 14. Ne3 b5 15. axb5 axb5 16. f4 Nc4 17. Nxc4 bxc4 18. e4 Nh5 19. Kh2 f5 20. exf5 Bxf5 21. g4 Bd3 22. gxh5 Bxf1 23. Qxf1 gxh5 24. Qxc4 Qh4 25. Ra7 Bd4 26. Qd3 Re7 27. Rxe7 Qxe7 28. Ne4 h4 29. Ng5 Bxb2 30. Bxb2 Rxb2 31. Ne6 Qf6 32. Qf3 c4 33. Qa3 c3 34. Qa8+ Kf7 35. Qf8+ Kg6 36. Qg8+ Kh6 37. Qg4 c2 38. f5 Qe5+ 39. Nf4 c1=Q 40. Qxh4+ Kg7 41. Qg5+ Kf7 42. Qh5+ Kg8 43. Qg5+ Kf8 44. Qd8+ Kf7 45. Qd7+ Qe7 46. Qe6+ Qxe6 47. dxe6+ Kf8 48. Nd5 Rxg2+ 49. Kxg2 Qc6 50. Kg3 Qxd5 51. Kf4 Qe5+ 52. Kg5 Ke7 53. h4 Qf6+ 54. Kg4 h5+ 55. Kxh5 Qxf5+ 56. Kh6 Qxe6+ 57. Kh5 Qf5+ 58. Kh6 d5 59. h5 d4 60. Kg7 Qxh5 61. Kg8 Qf5 62. Kh8 Qg5 63. Kh7 Kf7 64. Kh8 Qg7# 0-1


[Site "https://www.chess.com"]

[Event "Titled Tuesday Blitz June 28 Early 2022"]
[White "Baches Garcia, Guillermo"]
[Black "Rosen, Eric"]
[WhiteFideId "2209764"]
[BlackFideId "2032562"]
[WhiteElo "2505"]
[BlackElo "2362"]
[Result "0-1"]
[Round "08"]
[TimeControl "180+1"]
[Date "2022.06.28"]
[WhiteClock "0:00:02"]
[BlackClock "0:00:13"]

1. e4 c5 2. Nf3 d6 3. d4 Nf6 4. Nc3 cxd4 5. Nxd4 g6 6. g3 Bg7 7. Bg2 O-O 8. O-O Nc6 9. Nde2 Rb8 10. a4 b6 11. Nd5 Bb7 12. Bg5 Nd7 13. c3 h6 14. Be3 Re8 15. Nd4 Na5 16. b3 e6 17. Nb4 Nc5 18. Qc2 Rc8 19. Rab1 a6 20. Rfd1 Rc7 21. c4 Qa8 22. f3 d5 23. exd5 exd5 24. Bf4 Rce7 25. Nxd5 Bxd5 26. cxd5 Qxd5 27. Nb5 Qh5 28. Nd6 Re2 29. Rd2 Bd4+ 30. Rxd4 Rxc2 31. Nxe8 Qf5 32. Rd8 Rxg2+ 33. Kxg2 Qc2+ 34. Kh3 Nc6 35. Rdd1 Qf5+ 36. Kg2 Qc2+ 37. Kh3 Nd3 38. Nd6 Nf2+ 39. Kh4 g5+ 40. Kh5 Qg6# 0-1


[Site "https://www.chess.com"]

[Event "Titled Tuesday Blitz June 28 Early 2022"]
[White "Barp, Alberto"]
[Black "Kjartansson, David"]
[WhiteFideId "872555"]
[BlackFideId "2301130"]
[WhiteElo "2229"]
[BlackElo "2382"]
[Result "0-1"]
[Round "08"]
[TimeControl "180+1"]
[Date "2022.06.28"]
[WhiteClock "0:01:05"]
[BlackClock "0:01:51"]

1. Nf3 d6 2. g3 Nf6 3. Bg2 Nbd7 4. O-O e5 5. c4 Be7 6. Nc3 c6 7. b4 d5 8. cxd5 cxd5 9. Qb3 d4 10. Nd5 Bd6 11. Ng5 O-O 12. Nxf6+ Nxf6 13. e3 h6 14. Ne4 Be6 15. Qb2 Nxe4 16. Bxe4 f5 17. Bxb7 Rb8 18. Bg2 Rxb4 19. Qc2 Qd7 20. exd4 Rc8 21. Qd1 e4 22. f3 Be5 23. dxe5 Qd4+ 24. Kh1 Qxa1 25. fxe4 Rb1 26. exf5 Rcxc1 0-1


[Site "https://www.chess.com"]

[Event "Titled Tuesday Blitz June 28 Early 2022"]
[White "Bellahcene, Bilel"]
[Black "Mikhalsky, Vladimir"]
[WhiteFideId "696358"]
[BlackFideId "14144352"]
[WhiteElo "2543"]
[BlackElo "2301"]
[Result "0-1"]
[Round "08"]
[TimeControl "180+1"]
[Date "2022.06.28"]
[WhiteClock "0:00:12"]
[BlackClock "0:00:40"]

1. d4 Nf6 2. Bf4 g6 3. e3 Bg7 4. Nf3 O-O 5. Be2 d6 6. h3 Nfd7 7. O-O e5 8. Bh2 Nc6 9. c4 h6 10. Nc3 f5 11. a3 e4 12. Nd2 Nf6 13. b4 g5 14. b5 Ne7 15. c5 d5 16. c6 b6 17. a4 Be6 18. a5 Rc8 19. axb6 axb6 20. Ra7 Ng6 21. f3 f4 22. exf4 Nxf4 23. Bxf4 gxf4 24. fxe4 dxe4 25. Ncxe4 Qxd4+ 26. Kh1 Nxe4 27. Nxe4 Qxe4 28. Bd3 Qd5 29. Qe2 f3 30. gxf3 Kh8 31. Be4 Qh5 32. Rf2 Be5 33. Kg1 Rg8+ 34. Kf1 Qxh3+ 35. Ke1 Bc3+ 36. Kd1 Bb3+ 37. Kc1 Rg1+ 0-1


[Site "https://www.chess.com"]

[Event "Titled Tuesday Blitz June 28 Early 2022"]
[White "Bintang, Rasyid A. Hidayat"]
[Black "Hu, Merric"]
[WhiteFideId "7105355"]
[BlackFideId "30906660"]
[WhiteElo "2368"]
[BlackElo "1912"]
[Result "1-0"]
[Round "08"]
[TimeControl "180+1"]
[Date "2022.06.28"]
[WhiteClock "0:01:41"]
[BlackClock "0:02:13"]

1. e4 c5 2. Nc3 Nc6 3. f4 d6 4. Nf3 Bg4 5. Bb5 g6 6. Bxc6+ bxc6 7. O-O Bg7 8. d3 Bd4+ 9. Kh1 Nf6 10. h3 h5 11. Ne2 O-O 12. c3 Qd7 13. cxd4 Kg7 14. f5 Rh8 15. fxg6 fxg6 16. Qe1 Raf8 17. Qg3 cxd4 18. Bg5 e5 19. Bxf6+ Rxf6 20. hxg4 hxg4+ 21. Nh2 1-0


[Site "https://www.chess.com"]

[Event "Titled Tuesday Blitz June 28 Early 2022"]
[White "Blokhin, Sofia"]
[Black "Namitbir Singh Walia"]
[WhiteFideId "4508190"]
[BlackFideId "35071068"]
[WhiteElo "1760"]
[BlackElo "1565"]
[Result "0-1"]
[Round "08"]
[TimeControl "180+1"]
[Date "2022.06.28"]
[WhiteClock "0:00:45"]
[BlackClock "0:01:55"]

1. d4 f5 2. c4 Nf6 3. Nc3 d6 4. g3 e5 5. dxe5 dxe5 6. Qxd8+ Kxd8 7. Bg2 c6 8. e4 Bb4 9. Bg5 Kc7 10. Bxf6 gxf6 11. O-O-O Bxc3 12. bxc3 Na6 13. Ne2 Nc5 14. exf5 Bxf5 15. Rhf1 Bd3 16. Kd2 Rad8 17. Ke3 Bxc4 18. Rfe1 Nd3 19. Rf1 f5 20. f4 exf4+ 21. gxf4 Rhe8+ 22. Kf3 Nc1 23. Nxc1 Bxf1 24. Rxf1 Rd2 25. Rf2 Rd1 26. Nb3 Rd3# 0-1


[Site "https://www.chess.com"]

[Event "Titled Tuesday Blitz June 28 Early 2022"]
[White "Bluebaum, Matthias"]
[Black "Araujo Sanchez, Josue"]
[WhiteFideId "24651516"]
[BlackFideId "6416896"]
[WhiteElo "2556"]
[BlackElo "2339"]
[Result "1/2-1/2"]
[Round "08"]
[TimeControl "180+1"]
[Date "2022.06.28"]
[WhiteClock "0:00:10"]
[BlackClock "0:00:06"]

1. d4 Nf6 2. c4 e6 3. Nc3 Bb4 4. e3 O-O 5. Bd2 c5 6. a3 Bxc3 7. Bxc3 cxd4 8. Qxd4 Nc6 9. Qh4 e5 10. Nf3 d6 11. Be2 Bf5 12. O-O Qe7 13. Nd2 Rfe8 14. Rad1 Rad8 15. f3 d5 16. cxd5 Nxd5 17. Qxe7 Rxe7 18. e4 Nxc3 19. bxc3 Be6 20. Nc4 Red7 21. Rxd7 Rxd7 22. Rb1 Kf8 23. Kf2 Ke7 24. Ke3 b6 25. Rb5 f6 26. a4 Bxc4 27. Bxc4 Na5 28. Bd5 Rc7 29. Kd3 Rc5 30. Rxc5 bxc5 31. Ke3 g5 32. g3 h5 33. h4 gxh4 34. gxh4 Kf8 35. f4 Kg7 36. f5 Kf8 37. Kd3 Kg7 38. Ba2 Kh7 39. Bf7 Kh6 40. Be8 c4+ 41. Ke3 Nb7 42. Bc6 Nd6 43. a5 Kg7 44. Kd2 Kf8 45. Kc2 Ke7 46. Kb2 Kd8 47. Ka3 Kc7 48. Bd5 Kc8 49. Kb4 Kd8 50. Kc5 Kc7 51. Bc6 Nc8 52. Bd5 Nd6 53. Ba8 a6 54. Bd5 Nb7+ 55. Bxb7 Kxb7 56. Kxc4 Kc6 57. Kb4 Kd6 58. c4 Kc6 59. c5 Kc7 60. Kb3 Kd7 61. Kc3 Kc7 62. c6 Kxc6 63. Kc4 Kd6 64. Kb4 Kc6 65. Kc4 Kd6 66. Kb4 Kc6 67. Kc4 1/2-1/2


[Site "https://www.chess.com"]

[Event "Titled Tuesday Blitz June 28 Early 2022"]
[White "Bortnyk, Olexandr"]
[Black "So, Wesley"]
[WhiteFideId "14120828"]
[BlackFideId "5202213"]
[WhiteElo "3000"]
[BlackElo "3065"]
[Result "1-0"]
[Round "08"]
[TimeControl "180+1"]
[Date "2022.06.28"]
[WhiteClock "0:00:04"]
[BlackClock "0:00:51"]

1. d4 Nf6 2. Nc3 d5 3. Bf4 c5 4. e4 Nxe4 5. Nxe4 dxe4 6. dxc5 Qa5+ 7. Qd2 Qxc5 8. O-O-O Nc6 9. Ne2 e5 10. Be3 Qb4 11. Nc3 Be6 12. a3 Qa5 13. Nxe4 Bb4 14. Nd6+ Bxd6 15. Qxa5 Nxa5 16. Rxd6 b6 17. Bb5+ Ke7 18. Rhd1 Rhc8 19. Bd7 Bxd7 20. Rxd7+ Ke8 21. Bg5 Nc6 22. R1d6 f6 23. Rxg7 Nd4 24. Rxf6 Rxc2+ 25. Kb1 Rac8 26. Rxh7 R8c5 27. Rg6 Rxf2 28. Rg8+ Rf8 29. Rxf8+ Kxf8 30. Be7+ Kg8 31. Bxc5 1-0


[Site "https://www.chess.com"]

[Event "Titled Tuesday Blitz June 28 Early 2022"]
[White "Carrasco Miranda, Andres"]
[Black "Tasev, Dejan"]
[WhiteFideId "3405990"]
[BlackFideId "936618"]
[WhiteElo "2177"]
[BlackElo "2253"]
[Result "1/2-1/2"]
[Round "08"]
[TimeControl "180+1"]
[Date "2022.06.28"]
[WhiteClock "0:00:44"]
[BlackClock "0:00:52"]

1. d4 Nf6 2. c4 e6 3. g3 d5 4. Bg2 Be7 5. Nf3 O-O 6. O-O dxc4 7. Qc2 a6 8. a4 Nc6 9. Qxc4 Nb4 10. Rd1 c6 11. a5 Bd7 12. Nc3 Nbd5 13. Ne5 Rc8 14. e4 Nxc3 15. bxc3 Be8 16. Ba3 Nd7 17. Nxd7 Bxd7 18. Bxe7 Qxe7 19. Rab1 Rc7 20. e5 Bc8 21. Rb6 Rd8 22. f4 c5 23. d5 exd5 24. Rxd5 Be6 25. Rxd8+ Qxd8 26. Rd6 Qe7 27. Bd5 Bxd5 28. Qxd5 h6 29. c4 Kh7 30. h4 Kg8 31. h5 Kh7 32. Qd3+ g6 33. hxg6+ Kg7 34. gxf7 Qxf7 35. e6 Qf6 36. Rd7+ Rxd7 37. exd7 Qd8 38. Qd6 Kf7 39. f5 Qxa5 40. d8=Q Qe1+ 41. Kg2 Qe2+ 42. Kh3 Qh5+ 43. Kg2 Qe2+ 44. Kg1 Qe1+ 45. Kg2 Qe2+ 1/2-1/2


[Site "https://www.chess.com"]